 Dungeon Crawl Stone Soup version 0.19.0-2-gae57169 (webtiles) character file.

397 MDvedh the Stinger (level 6, -7/45 HPs)
             Began as a Centaur Venom Mage on Nov 5, 2016.
             Mangled by skk's ghost (12 damage)
             ... on level 4 of the Dungeon on Nov 6, 2016.
             The game lasted 00:09:33 (5165 turns).

MDvedh the Stinger (Centaur Venom Mage)             Turns: 5165, Time: 00:09:34

Health: -7/45      AC:  4    Str: 13    XL:     6   Next: 53%
Magic:  8/8        EV:  9    Int: 14    God:
Gold:   113        SH:  0    Dex:  9    Spells: 2 memorised, 3 levels left

rFire  . . .     SeeInvis .     d - +0 hand axe
rCold  . . .     Gourm    .     a - +0 robe
rNeg   . . .     Faith    .     (no shield)
rPois  .         Spirit   .     (no helmet)
rElec  .         Reflect  .     (no cloak)
rCorr  .         Harm     .     (no gloves)
MR     .....                    (no barding)
Stlth  +.........               (no amulet)
                                (no ring)
                                (no ring)

@: slowed
A: hooves 3, deformed body, speed 2, tough skin 3
a: no special abilities


You were on level 4 of the Dungeon.
You were not hungry.

You visited 1 branch of the dungeon, and saw 4 of its levels.

You collected 113 gold pieces.

Inventory:

Hand Weapons
 d - a +0 hand axe (weapon)
Armour
 a - a +0 robe (worn)
Scrolls
 c - 2 scrolls of blinking {unknown}
 f - 5 scrolls of fear {unknown}
 g - 3 scrolls of identify {unknown}
 h - 2 scrolls of amnesia {unknown}
 i - a scroll of teleportation {unknown}
 l - a scroll of fog {unknown}
 m - a scroll of enchant armour {unknown}
 n - 2 scrolls of noise {unknown}
Potions
 e - a potion of curing {unknown}
 k - a potion of mutation {unknown}
 p - a potion of agility {unknown}
Books
 b - a Young Poisoner's Handbook

   Spells                             Type                      Level
   a - Sting                          Conjuration/Poison           1
   b - Mephitic Cloud                 Conjuration/Poison/Air       3
   c - Olgreb's Toxic Radiance        Poison                       4
   d - Alistair's Intoxication        Transmutation/Poison         5
   e - Venom Bolt                     Conjuration/Poison           5
 q - a book of Minor Magic

   Spells                             Type                      Level
   a - Magic Dart                     Conjuration                  1
   b - Blink                          Translocation                2
   c - Call Imp                       Summoning                    2
   d - Repel Missiles                 Charms/Air                   2
   e - Slow                           Hexes                        2
   f - Conjure Flame                  Conjuration/Fire             3
   g - Mephitic Cloud                 Conjuration/Poison/Air       3
 r - a book of Necromancy

   Spells                             Type                      Level
   a - Pain                           Necromancy                   1
   b - Animate Skeleton               Necromancy                   1
   c - Vampiric Draining              Necromancy                   3
   d - Regeneration                   Charms/Necromancy            3
   e - Animate Dead                   Necromancy                   4
   f - Control Undead                 Necromancy                   4
Comestibles
 j - 3 meat rations
 o - a beef jerky
 s - a bread ration


   Skills:
 - Level 1.3 Dodging
 - Level 1.1 Stealth
 - Level 1.5 Spellcasting
 + Level 6.6 Poison Magic


You had 3 spell levels left.
You knew the following spells:

 Your Spells              Type           Power        Failure   Level  Hunger
a - Sting                 Conj/Pois      ##..         10%         1    ##.....
b - Olgreb's Toxic Radia  Pois           ###.....     17%         4    #####..


Dungeon Overview and Level Annotations

Branches:
Dungeon (4/15)
 Temple: D:4-7

Altars:

Annotations:
D:3 Grinder; Natasha
D:4 skk's ghost, amateur DsFi


Innate Abilities, Weirdness & Mutations

You have hooves in place of feet.
Armour fits poorly on your strangely shaped body.
You cover ground very quickly.
You have extremely tough skin. (AC +3)


Message History

The magic dart hits you!
* * * LOW HITPOINT WARNING * * *
The ball python bites you but does no damage.
Natasha stares at you and mumbles some strange words.
You feel yourself slow down.
You climb downwards.
Level annotation: skk's ghost, amateur DsFi Skk's ghost hits you!
* * * LOW HITPOINT WARNING * * *
There is a stone staircase leading up here.
Unknown command.
Skk's ghost barely misses you.
The ball python bites you but does no damage.
The ball python bites you but does no damage.
The ball python barely misses you.
There is a stone staircase leading up, spattered with blood here.
Skk's ghost hits you.
* * * LOW HITPOINT WARNING * * *
Skk's ghost hits you!
You die...

...........# .. ######.######
.##........# ##. ....##.#
###.......## ##....##.#
.........# ##.... #.# ###.......#
#... #.#######
###.......#######.#######........
.................................
##.......#####WS########......(.
.#...#.#..))....@..######...#####
.....#.######......##......##
##......# #......#..###.##
#...##o.# #######..## #.# ...
#..# #..## #.# .. ##.o. #.## .# .
.... #. #...oo #. ###o# ..


You could see skk's ghost and a ball python.

Vanquished Creatures
  An ogre (D:4)
  A scorpion (D:4)
  2 hounds (D:4)
  An orc priest (D:2)
  A centaur skeleton (D:4)
  6 adders
  An ooze (D:2)
  4 worms
  A dart slug (D:1)
  A leopard gecko (D:3)
  8 orcs
  3 giant cockroaches (D:2)
  4 goblins
  8 hobgoblins
  4 jackals (D:2)
  6 bats
  4 frilled lizards
  9 kobolds
  10 rats
75 creatures vanquished.

Notes
Turn   | Place    | Note
-------+----------+-------------------------------------------
     0 | D:1      | MDvedh the Centaur Venom Mage began the quest for the Orb.
     0 | D:1      | Reached XP level 1. HP: 14/14 MP: 3/3
   438 | D:1      | Reached XP level 2. HP: 18/20 MP: 1/4
   930 | D:2      | Reached skill level 4 in Poison Magic
   981 | D:2      | Reached XP level 3. HP: 13/26 MP: 0/5
  2798 | D:2      | Reached XP level 4. HP: 33/33 MP: 4/6
  3051 | D:3      | Reached skill level 5 in Poison Magic
  3709 | D:3      | Reached XP level 5. HP: 27/38 MP: 4/7
  4156 | D:3      | Learned a level 4 spell: Olgreb's Toxic Radiance
  4171 | D:3      | Noticed Grinder
  4222 | D:4      | Noticed skk's ghost (amateur DsFi)
  4325 | D:4      | Noticed an ogre
  4745 | D:4      | Killed an ogre
  4745 | D:4      | Reached skill level 6 in Poison Magic
  4745 | D:4      | Reached XP level 6. HP: 40/45 MP: 1/8
  5148 | D:3      | Noticed Natasha
  5165 | D:4      | Mangled by skk's ghost

Skill      XL: |  1  2  3  4  5 |
---------------+----------------+-----
Poison Magic   | 4 5 6 |  6.6
Dodging        | |  1.3
Stealth        | |  1.1
Spellcasting   | |  1.5

Action                   |  1- 3 |  4- 6 || total
-------------------------+-------+-------++-------
Melee: Hand axe          |   129 |    80 ||   209
       Kick              |    21 |    15 ||    36
       Unarmed           |     1 |       ||     1
 Cast: Sting             |    57 |    69 ||   126
 Stab: Sleeping          |     1 |       ||     1
  Eat: Chunk             |     2 |     5 ||     7
       Bread ration      |     1 |     1 ||     2
Armor: Robe              |    57 |    29 ||    86
Dodge: Dodged            |    78 |    47 ||   125
